 Dungeon Crawl Stone Soup version 0.31-a0-795-g5eb97db20b (webtiles) character file.

Game seed: 1678408960913802135

1636 kiwi3s the Cleaver (level 8, -5/71 HPs)
             Began as a Minotaur Berserker on Sept 18, 2023.
             Was a Priest of Trog.
             Killed from afar by an orc wizard (10 damage)
             ... with a puff of flame
             ... on level 6 of the Dungeon.
             The game lasted 00:07:29 (4843 turns).

kiwi3s the Cleaver (Minotaur Berserker)             Turns: 4843, Time: 00:07:30

Health: -5/71      AC: 11    Str: 24    XL:     8   Next: 66%
Magic:  7/7        EV: 10    Int:  4    God:    Trog [***...]
Gold:   10         SH:  0    Dex: 10    Spells: 7/7 levels left

rFire   . . .        a - +0 hand axe
rCold   . . .        (no shield)
rNeg    . . .        A - +0 chain mail
rPois   .            (helmet restricted)
rElec   .            (no cloak)
rCorr   .            (no gloves)
SInv    .            p - +2 pair of boots
Will    ++...        n - amulet of the acrobat Stlth
                     (no ring)
HPRegen 1.31/turn    (no ring)
MPRegen 0.10/turn

%: acrobat
@: strong-willed, regenerating
A: horns 2, retaliatory headbutt
a: Renounce Religion, Berserk, Trog's Hand


You were on level 6 of the Dungeon.
You worshipped Trog.
Trog was most pleased with you.
You visited 1 branch of the dungeon, and saw 6 of its levels.
You also visited: Sewer.

You collected 295 gold pieces.
You spent 285 gold pieces at shops.

Inventory:

Hand Weapons
 a - a +0 hand axe (weapon)
 u - a +0 war axe
Armour
 j - a +0 scale mail
 p - a +2 pair of boots (worn)
 A - a +0 chain mail (worn)
Jewellery
 n - an amulet of the acrobat (around neck)
Talismans
 z - a beast talisman
Wands
 w - a wand of paralysis (3)
Scrolls
 f - 3 scrolls of teleportation
 i - a scroll of revelation {unknown}
 m - a scroll of brand weapon {unknown}
 q - 3 scrolls of immolation
 t - 2 scrolls of fog
 x - a scroll of acquirement {unknown}
 y - a scroll of noise {unknown}
 B - a scroll of enchant armour
 C - a scroll of blinking
 D - a scroll of enchant weapon
Potions
 c - a potion of attraction
 e - 2 potions of heal wounds
 g - a potion of cancellation
 h - a potion of invisibility
 k - a potion of mutation
 l - a potion of berserk rage {unknown}
 o - a potion of lignification
 v - a potion of curing


   Skills:
 + Level 6.9 Fighting
 + Level 10.8 Axes
 - Level 2.4 Armour
 + Level 5.7 Dodging


You had 7 spell levels left.
You didn't know any spells.
Your spell library was empty.

Dungeon Overview and Level Annotations

Branches:
Dungeon (6/15)              Sewer (visited)
 Temple: D:4-7

Altars:
Cheibriados
Kikubaaqudgha
Makhleb
Okawaru
Ru
Wu Jian
Yredelemnul
The Shining One

Shops:
D:2 =   D:6 ?


Innate Abilities, Weirdness & Mutations

You have a pair of horns on your head.
You reflexively headbutt those who attack you in melee.


Message History

You miss something. You hit something.
Something hits you but does no damage. x2
The orc warrior hits you with a +0 long sword.
* * * LOW HITPOINT WARNING * * *
You are too injured to fight recklessly!
Unknown command.
You hit the orc warrior but do no damage.
The orc warrior is almost dead.
You closely miss something. You hit something but do no damage.
Something hits you but does no damage. x2; The orc warrior closely misses you.
Unknown command.
You are too injured to fight recklessly!
You barely miss the orc warrior. Your headbutt misses the orc warrior.
The orc warrior is almost dead.
You hit something. You barely miss something.
Something hits you but does no damage. x2
Unknown command.
You closely miss the orc warrior.
The orc warrior is almost dead.
You slash something! You barely miss something.
The orc warrior hits you but does no damage.
You are too injured to fight recklessly!
Unknown command.
You are too injured to fight recklessly!
You slash the orc warrior!
You kill the orc warrior!
Trog accepts your kill.
You barely miss something. You miss something. Something hits you.
* * * LOW HITPOINT WARNING * * *
Something shocks you.
* * * LOW HITPOINT WARNING * * *
Something hits you but does no damage.
You barely miss something. You hit something but do no damage.
Something hits you.
* * * LOW HITPOINT WARNING * * *
Something shocks you.
* * * LOW HITPOINT WARNING * * *
You hear some strange, mumbled words.
A puff of flame appears from out of thin air!
The puff of flame hits you!
You die...

.######. ##. ##... #
........ ... .... .#
........ .... #..# ..#
...##..# #....
#..###..### #####
#....##>......... รท#..#
................. ##..+
.......))........ ###
..### ##..##){####+###
#.. .## # #@{# #...##<.
.#
........................
.#
........................
.#
'##..###'####..##...####
.# #.. ..# .##... ## .#
... ... .... +. .## ...
... ... #. ..# ### #....
##. ## ..# #


There were no monsters in sight!

Vanquished Creatures
  A warg (D:6)
  An orc warrior (D:6)
  Pargi (Sewer)
  A black bear (D:4)
  An ogre (D:4)
  A phantom (D:5)
  3 scorpions
  7 howler monkeys (D:6)
  5 jellies
  An orc priest (D:3)
  3 hounds
  An iron imp (D:3)
  2 iguanas (D:5)
  2 sleepcaps
  2 orc wizards
  2 gnolls (D:6)
  5 adders
  2 river rats (D:5)
  An ufetubus (D:5)
  4 worms
  3 dart slugs
  12 orcs
  6 ball pythons
  2 bat zombies (D:5)
  8 endoplasms
  3 giant cockroaches
  3 goblins
  8 hobgoblins
  2 jackals (D:2)
  11 kobolds
  4 bats
  5 frilled lizards
  5 rats
  A rat zombie (D:5)
119 creatures vanquished.

Notes
Turn   | Place    | Note
-------+----------+-------------------------------------------
     0 | D:1      | kiwi3s the Minotaur Berserker began the quest for the Orb.
     0 | D:1      | Reached XP level 1. HP: 19/19 MP: 0/0
    75 | D:1      | Reached skill level 4 in Axes
   259 | D:1      | Reached XP level 2. HP: 26/26 MP: 1/1
   886 | D:2      | Reached skill level 5 in Axes
   938 | D:2      | Reached XP level 3. HP: 28/31 MP: 2/2
  1013 | D:2      | Reached ** piety under Trog
  1269 | D:2      | Found Vyqeptu Siwa's Jewellery Emporium.
  1820 | D:3      | Found a sacrificial altar of Ru.
  1851 | D:3      | Reached skill level 6 in Axes
  1851 | D:3      | Reached XP level 4. HP: 21/39 MP: 3/3
  2022 | D:3      | Found a glowing golden altar of the Shining One.
  2025 | D:3      | Found a basalt altar of Yredelemnul.
  2117 | D:3      | Found a snail-covered altar of Cheibriados.
  2127 | D:3      | Reached XP level 5. HP: 45/45 MP: 4/4
  2364 | D:4      | Reached skill level 7 in Axes
  2398 | D:4      | Noticed a black bear
  2405 | D:4      | Killed a black bear
  2406 | D:4      | Reached skill level 8 in Axes
  2448 | D:4      | Noticed an ogre
  2468 | D:4      | Killed an ogre
  2469 | D:4      | Reached XP level 6. HP: 23/51 MP: 5/5
  2473 | D:4      | Reached skill level 9 in Axes
  2936 | D:5      | Entered Level 5 of the Dungeon
  2963 | D:5      | Found an iron altar of Okawaru.
  2991 | D:5      | Reached XP level 7. HP: 52/58 MP: 6/6
  3118 | D:5      | Reached *** piety under Trog
  3146 | D:5      | Found an ancient bone altar of Kikubaaqudgha.
  3248 | D:5      | Found a burning altar of Makhleb.
  3658 | D:5      | Found a glowing drain.
  3673 | Sewer    | Entered a sewer
  3810 | Sewer    | Noticed Pargi
  3820 | Sewer    | Killed Pargi
  3821 | Sewer    | Reached skill level 5 in Fighting
  4277 | D:5      | Found an ornate altar of the Wu Jian Council.
  4424 | D:6      | Reached skill level 10 in Axes
  4534 | D:6      | Reached XP level 8. HP: 55/69 MP: 7/7
  4639 | D:6      | Reached skill level 5 in Dodging
  4768 | D:6      | Found Gedeib's Magic Scroll Shop.
  4780 | D:6      | Bought a scroll of identify for 20 gold pieces
  4780 | D:6      | Bought a scroll of enchant armour for 75 gold pieces
  4780 | D:6      | Bought a scroll of blinking for 75 gold pieces
  4780 | D:6      | Bought a scroll of enchant weapon for 75 gold pieces
  4780 | D:6      | Bought a scroll of fog for 40 gold pieces
  4843 | D:6      | Killed from afar by an orc wizard

Illustrated notes

Levels and vault maps discovered:
D:1:      minmay_arrival_up_and_down, layout_basic
D:2:      layout_basic, serial_shops, nicolae_shop_tiny_glass
D:3:      layout_rooms, chequers_temple_overflow_statue_of_worship,
          chei_slow_surprise, hangedman_decor_peaks_small,
          kennysheep_decorative_pillar, chequers_serial_rivers_micro_c,
          minmay_misc_feat_doors
D:4:      layout_basic, minmay_checkerbox
D:5:      layout_loops_ring, mainiacjoe_overflow_boulevard,
          pdpol_wu_jian_five_deadly_venoms, bloody_makhleb,
          lemuel_zombie_altar_kikubaaqudgha, portal_sewer_entry_e
D:6:      lemuel_castle_with_subvaults [lemuel_castle_interior_carwin_3],
          layout_gridville, serial_shops, nicolae_shop_gibbet_a_chance,
          nicolae_concentric_dashed_squares_mild, nrook_mini_vaults

Skill      XL: |  1  2  3  4  5  6  7  8 |
---------------+-------------------------+-----
Axes           | 4 5 6 8 9 10 | 10.8
Fighting       | 5 6 |  6.9
Dodging        | 4 5 |  5.7
Armour         | |  2.4

Action                     |  1- 3 |  4- 6 |  7- 9 || total
---------------------------+-------+-------+-------++-------
  Melee: Hand axe          |    94 |    75 |   193 ||   362
         Headbutt          |     8 |    21 |    31 ||    60
         Punch             |     1 |     3 |     5 ||     9
 Invoke: Berserk           |     1 |     1 |       ||     2
         Trog's Hand       |       |       |     1 ||     1
    Use: Scroll            |       |       |     9 ||     9
 Armour: Animal skin       |    15 |       |       ||    15
         Scale mail        |    42 |    52 |    91 ||   185
         Chain mail        |       |       |    55 ||    55
  Dodge: Dodged            |    57 |    39 |   121 ||   217

Table legend: (Time is in decaauts)
 A = Elapsed time spent in this place.
 B = Non-inter-level travel time spent in this place.
 C = Inter-level travel time spent in this place.
 D = Time resting spent in this place.
 E = Time spent auto-exploring this place.
 F = Levels seen in this place.
 G = Mean time per level.
                   A        B        C        D        E       F      G
               +--------+--------+--------+--------+--------+-----+--------+
         Total |   4837 |   4563 |    274 |    371 |   3449 |   7 |  691.0 |
       Dungeon |   4613 |   4339 |    274 |    371 |   3268 |   6 |  768.8 |
         Sewer |    223 |    223 |      0 |      0 |    181 |   1 |  223.0 |
               +--------+--------+--------+--------+--------+-----+--------+

Top non-repeatable levels by time:
     D:5: 1228 daAuts
     D:2: 890 daAuts
     D:1: 729 daAuts
     D:3: 721 daAuts
     D:4: 621 daAuts
     D:6: 422 daAuts
   Sewer: 223 daAuts
